Cogmind - Beta 17.1 @@@ ROGUE MODE // 2026.09.09 @ 21:28:15 Player: SunShine214 Result: Destroyed self via exploding Antiparticle Reservoir Performance ------------- Evolutions (7) 3500 Regions Visited (16) 3200 Robots Destroyed (308) 1540 Value Destroyed (11971) 11971 Prototype IDs (33) 660 Alien Tech Used (0) 0 Bonus (2975) 2975 TOTAL SCORE: 23846 Bonus ------- High Alert Combat Kills 1338 Follower Combat Kills 237 Entered Garrisons 400 Used RIF Installer 1000 Cogmind --------- Core Integrity 0/1300 Matter 142/300 Energy 51/100 System Corruption 34% Temperature Cool (0) Movement Walking (120) Location -3/Testing Parts ------- > --- POWER (2) -------- (None) > --- PROPULSION (5) --- Advanced Myomer Leg Improved Thunder Leg > --- UTILITY (10) ----- Advanced Visual Processing Unit Relay Coupler [NC] (30) Relay Coupler [Swarmer] (28) Relay Coupler [Grunt] (26) Relay Coupler [Sentry] (9) Relay Coupler [Proto] (9) > --- WEAPON (4) ------- Hardcell Cannon > --- INVENTORY (5) ---- Relay Coupler [Proto] (9) Relay Coupler [Proto] (9) Advanced Datajack Advanced Remote Datajack Improved Plasma Cutter Peak State ------------ > --- POWER ------------ Neutrino-Nuclear Core > --- PROPULSION ------- Hovering Siege-Thunder Exoskeleton > --- UTILITY ---------- Armored Scrap Engine Experimental Cooling System Large Storage Unit Advanced Visual Processing Unit Improved Phase Shifter Hacking Suite Hacking Suite Relay Coupler [Grunt] > --- WEAPON ----------- Arc Thrower Directed Neutron Construct/C Hpw. Ballistic Shrapnel Construct/G Heavy Mace > --- INVENTORY -------- Heavy Siege Treads Relay Coupler [NC] Relay Coupler [Swarmer] Relay Coupler [Brawler] Relay Coupler [Sentry] Relay Coupler [Specialist] Relay Coupler [Proto] Relay Coupler [Proto] Relay Coupler [Proto] Relay Coupler [Proto] Dirty Datajack Dirty Datajack Dirty Datajack Improved Plasma Cutter [Rating: 107] Favorites ----------- Power Constructs Engine Cooled Ion Engine Power Core Constructs Reactor Micro Antimatter Reactor Propulsion Light Treads Treads Light Treads Leg Advanced Myomer Leg Hover Unit Constructs Flight Unit Xenon Bombardment Thruster Utility Large Storage Unit Device Armored Scrap Engine Storage Large Storage Unit Processor Advanced Visual Processing Unit Hackware Hacking Suite Protection Improved Medium Armor Plating Weapon Heavy Particle Cannon Energy Gun Medium Laser Energy Cannon Heavy Particle Cannon Ballistic Gun Constructs Ballistic Cannon Improved Light Cannon Launcher Mini Grenade Launcher Special Weapon Improved Remote Datajack Impact Weapon Heavy Mace Slashing Weapon Power Sword Special Melee Weapon Advanced Datajack Build | -11 -10 -9 -8 -8 -8 -7 -7 -7 -5 -4 -4 -4 -4 -4 -3 -3 ------- Run | Yrd Mat Mat Mat Gar Mat Fac Sto Rec Fac Fac Gar Fac Upp Upp Res Tes Slots Evolved 14 | . . 2 2 . . 2 . . 4 2 . . . . 2 . Power 1 | . . . . . . . . . . 1 . . . . . . Propulsion 3 | . . . 1 . . 1 . . 1 . . . . . . . Utility 8 | . . 2 1 . . 1 . . 1 1 . . . . 2 . Weapon 2 | . . . . . . . . . 2 . . . . . . . Parts Attached 170 | 7 9 22 11 11 18 11 24 7 2 2 5 3 6 3 25 4 Power 19 | 1 2 2 . 3 4 . 3 . . . 1 . . . 3 . Engine 10 | 1 2 2 . 1 3 . 1 . . . . . . . . . Core 6 | . . . . 2 1 . 2 . . . 1 . . . . . Reactor 3 | . . . . . . . . . . . . . . . 3 . Propulsion 45 | 2 1 7 4 2 6 2 8 3 . . . . . . 8 2 Treads 33 | 2 1 7 4 2 6 2 6 3 . . . . . . . . Leg 2 | . . . . . . . . . . . . . . . . 2 Wheel . | . . . . . . . . . . . . . . . . . Hover 3 | . . . . . . . . . . . . . . . 3 . Flight 7 | . . . . . . . 2 . . . . . . . 5 . Utility 62 | 2 4 5 5 5 4 4 3 3 2 2 3 3 4 3 9 1 Device 16 | 1 3 1 . . 1 . 1 1 2 . . . 1 1 3 1 Storage 8 | 1 1 1 1 . 1 . . . . 1 . 1 . . 1 . Processor 5 | . . . 1 . . 1 . . . . . 1 . 2 . . Hackware 12 | . . . . . . 1 . . . 1 3 . 2 . 5 . Protection 21 | . . 3 3 5 2 2 2 2 . . . 1 1 . . . Artifact . | . . . . . . . . . . . . . . . . . Weapon 44 | 2 2 8 2 1 4 5 10 1 . . 1 . 2 . 5 1 Energy Gun 13 | 1 2 2 1 . . . 5 . . . . . 1 . 1 . Energy Cannon 9 | . . 2 . . 2 2 1 1 . . . . . . 1 . Ballistic Gun 7 | 1 . 3 . . 1 2 . . . . . . . . . . Ballistic Cannon 3 | . . 1 . . . . . . . . . . . . 1 1 Launcher 5 | . . . . 1 1 . 3 . . . . . . . . . Special Weapon 2 | . . . 1 . . . . . . . 1 . . . . . Impact Weapon 2 | . . . . . . . 1 . . . . . 1 . . . Slashing Weapon 1 | . . . . . . 1 . . . . . . . . . . Piercing Weapon . | . . . . . . . . . . . . . . . . . Special Melee Weapon 2 | . . . . . . . . . . . . . . . 2 . Unidentified Prototypes 18 | . . . 1 . . 2 11 1 . . . 1 . . 1 1 Corrupted Parts 1 | . . . . . . . . . . . . . . . 1 . System Corruption 1 | . . . . . . . . . . . . . . . 1 . Parts Lost 73 | . 2 3 . 3 6 1 10 . 5 . 10 2 2 . 28 1 Power 12 | . . 1 . 1 1 . 3 . . . 1 1 . . 4 . Propulsion 23 | . 1 1 . . 2 1 5 . 2 . 2 . . . 9 . Utility 22 | . 1 1 . 2 2 . 2 . 2 . 2 . 1 . 8 1 Weapon 16 | . . . . . 1 . . . 1 . 5 1 1 . 7 . Highest Loss Streak 7 | . 1 1 . 1 4 1 5 . 4 . 3 2 2 . 7 1 To Critical Strikes 1 | . . . . . . . . . . . 1 . . . . . Average Backups 12 | . 5 14 14 15 14 14 13 13 13 12 10 13 13 13 12 5 Power . | . . 1 1 . . . . . . . . . . . . . Propulsion 5 | . 1 6 8 9 8 9 7 6 4 4 1 . 1 1 . . Utility 3 | . 1 . 1 1 1 1 1 1 3 3 6 12 10 9 7 2 Weapon 2 | . 2 5 3 3 2 2 3 3 2 2 1 . . . . . Tool/Special . | . . . . . . . . . . . . . . . . . Unused Backups 45 | . . 4 . 2 3 3 3 7 2 3 4 . 2 . 7 5 Power 1 | . . . . 1 . . . . . . . . . . . . Propulsion 16 | . . . . . 2 1 1 4 1 1 3 . 1 . 2 . Utility 12 | . . . . 1 . 1 . 3 . 2 1 . . . 2 2 Weapon 8 | . . 4 . . 1 . 2 . . . . . . . 1 . Tool/Special 8 | . . . . . . 1 . . 1 . . . 1 . 2 3 Average Slot Usage (%) 82 | . 99 95 99 95 97 94 94 90 58 62 60 62 53 68 54 35 Engine 4 | . 14 10 9 4 1 7 4 6 1 . . . . . . . Core 2 | . . . . 4 7 . 1 . 2 . 3 9 5 5 1 . Treads 16 | . 27 22 26 27 25 26 27 23 . . . . 1 5 . . Device 9 | . 13 19 12 9 8 3 5 7 8 10 7 5 5 10 6 . Storage 7 | . 14 11 9 9 9 7 7 7 5 5 5 5 5 5 4 . Processor 7 | . . . 5 9 9 10 15 15 11 10 10 7 5 5 4 4 Hackware 5 | . . . . . . 5 7 7 5 9 9 12 10 15 15 23 Protection 6 | . . 9 17 14 17 15 7 4 . . . 2 1 . . . Energy Gun 2 | . 14 4 . . . . . . . . 1 . . 5 1 . Energy Cannon 6 | . . . 17 16 10 8 7 6 5 7 3 . 5 5 1 . Ballistic Gun 4 | . 13 10 . . 2 5 . . . . 2 4 4 5 1 . Slashing Weapon 1 | . . . . . . . 5 7 5 5 2 . . . . . Peak Build Rating 107 | 7 8 19 28 32 35 43 48 59 80 92 97 105 98 92 107 55 Average Rating 45 | 5 7 13 25 28 31 39 41 49 70 86 86 97 84 91 77 37 On Entrance 49 | . 7 8 19 28 31 33 43 45 59 79 92 89 98 90 92 26 Avg Prop Armor Cover (%) 12 | . . . . . . . . . . . . . . . 12 . Naked Turns . | . . . . . . . . . . . . . . . . . Heaviest Build 69 | 15 30 46 47 57 53 57 57 50 53 53 54 69 67 59 60 12 Greatest Support 141 | 40 40 40 63 63 65 85 85 84 60 50 50 67 107 105 141 58 Greatest Overweight (x) 6 | . . 1 1 . 1 . . 1 1 1 2 1 . . 6 . Average Overweight (x) . | . . . . . . . . . . . . . . . . . Largest Inventory Capacity 15 | 8 15 15 15 15 15 15 15 15 15 15 15 15 15 15 15 5 Average Capacity 14 | 7 14 15 15 15 15 15 15 15 15 15 15 15 15 15 13 5 Most Carried 15 | 1 11 15 15 15 15 15 15 15 15 15 15 15 15 15 15 5 Average Carried 13 | . 5 14 14 14 14 14 14 14 14 13 11 13 13 14 13 5 Final Capacity 15 | 8 15 15 15 15 15 15 15 15 15 15 15 15 15 15 5 5 Final Carried 15 | 1 10 15 15 15 15 15 15 15 14 15 15 15 12 15 5 5 Scrap Engine Consumption 120 | . . . . . . . . 11 26 8 28 16 16 2 13 . Constructs Created 10 | . . . . . . . . 2 2 1 3 2 . . . . Constructs Modified 35 | . . . . . . . . 2 6 3 7 4 9 . 4 . Class Distribution -------------------- 59% | Mutant 12% | Scavenger-Mutant 7% | Bothacker-Mutant 5% | Hacker-Construct 5% | Construct 3% | Bothacker-Construct Dominant Class ---------------- Mutant | -10/Materials Mutant | -9/Materials Mutant | -8/Materials Mutant | -8/Garrison Mutant | -8/Materials Mutant | -7/Factory Scavenger-Mutant | -7/Storage Scavenger-Mutant | -7/Recycling Mutant | -5/Factory Hacker-Construct | -4/Factory Mutant | -4/Garrison Bothacker-Tank | -4/Factory Construct | -4/Upper Caves Hacker-Construct | -4/Upper Caves Bothacker-Mutant | -3/Research Bothacker-Mutant | -3/Testing Resources | -11 -10 -9 -8 -8 -8 -7 -7 -7 -5 -4 -4 -4 -4 -4 -3 -3 ----------- Run | Yrd Mat Mat Mat Gar Mat Fac Sto Rec Fac Fac Gar Fac Upp Upp Res Tes Matter Collected 4689 | 282 262 708 120 246 402 141 433 359 294 33 404 104 243 119 539 . Remotely . | . . . . . . . . . . . . . . . . . Salvage Created 12875 | 121 617 1201 412 1024 835 285 1188 1679 1100 512 1429 592 419 109 1352 . Parts 621 | 8 35 68 24 56 53 19 72 61 53 22 43 29 24 3 51 . Haulers Intercepted 18 | . 2 3 3 . 2 1 5 . . . . 2 . . . . Recyclers Shooed 12 | . . 2 . . 2 . . 3 2 1 . . . . 2 . Parts Field Recycled . | . . . . . . . . . . . . . . . . . Retrieved Matter . | . . . . . . . . . . . . . . . . . Parts Self-Destructed 27 | . . . . . . . . . . . . . 17 10 . . Prevented . | . . . . . . . . . . . . . . . . . Parts Restored . | . . . . . . . . . . . . . . . . . Kills | -11 -10 -9 -8 -8 -8 -7 -7 -7 -5 -4 -4 -4 -4 -4 -3 -3 ------- Run | Yrd Mat Mat Mat Gar Mat Fac Sto Rec Fac Fac Gar Fac Upp Upp Res Tes Combat Hostiles Destroyed 218 | . 11 27 2 33 21 8 24 7 28 2 22 4 11 3 15 . Melee 9 | . . . . . 1 . 5 . 2 1 . . . . . . Guns 59 | . 11 21 . . 3 1 . . 2 . 10 . 4 2 5 . Cannons 80 | . . 6 2 22 7 4 10 4 5 1 4 . 6 . 9 . AOE 61 | . . . . 9 10 3 9 3 19 . 3 3 1 1 . . Classes Destroyed 21 | 2 5 2 . 3 3 2 . 2 . . 1 . 1 . . . Worker 14 | . . . . . 5 . 3 . 1 2 . 3 . . . . Builder 8 | . . 1 2 . 3 . . 1 . 1 . . . . . . Tunneler 4 | 2 . . . . . . . . . . . 1 . . 1 . Hauler 18 | . 2 3 3 . 2 1 5 . . . . 2 . . . . Recycler 27 | 1 2 1 . . . . . 15 2 2 . . . . 4 . Mechanic 1 | . . . . 1 . . . . . . . . . . . . Operator 5 | . 1 1 . . . . . . 1 1 . 1 . . . . Watcher 12 | . 3 . 4 . 1 . 2 . 1 . . 1 . . . . Swarmer 67 | . 6 4 . 16 5 4 3 . 13 . 4 . 5 2 5 . Grunt 82 | . 5 17 . 11 7 . 17 . 10 . 7 2 2 . 4 . Brawler 4 | . . . . 1 1 . . . 1 . 1 . . . . . Duelist 4 | . . . . . 2 . 1 . . . 1 . . . . . Protector 1 | . . . . . 1 . . . . . . . . . . . Sentry 31 | . . 6 2 3 5 1 2 4 1 2 2 . 1 1 1 . Demolisher 2 | . . . . 2 . . . . . . . . . . . . Hunter 9 | . . . . . . 1 . . 1 . 2 2 3 . . . Programmer 15 | . . . . . . 2 1 . 2 . 4 . . . 6 . Behemoth 1 | . . . . . . . . . . . 1 . . . . . Scientist 2 | . . . . . . . . 2 . . . . . . . . Scrapper 3 | . . . . . . . . 3 . . . . . . . . Samaritan 1 | . . . . . . . . . . . . . 1 . . . Best Kill Streak 15 | 3 6 5 5 5 8 5 15 4 14 4 3 7 2 2 7 . Combat Bots Only 11 | . 5 4 1 5 7 5 11 2 10 1 3 2 2 2 4 . Max Kills in Single Turn 5 | 1 1 2 1 2 2 3 4 1 5 1 3 5 1 1 1 . Gunslinging 1 | . . 1 . . . . . . . . . . . . . . Exploded 4 | . . . . 2 2 2 4 1 4 . 3 2 1 1 . . Melee 1 | . . . . . 1 . 1 . 1 1 . . . . . . Uniques/NPCs Destroyed . | . . . . . . . . . . . . . . . . . Combat | -11 -10 -9 -8 -8 -8 -7 -7 -7 -5 -4 -4 -4 -4 -4 -3 -3 -------- Run | Yrd Mat Mat Mat Gar Mat Fac Sto Rec Fac Fac Gar Fac Upp Upp Res Tes Hostile Shots Fired 1667 | . 80 166 15 123 77 37 191 29 128 24 221 78 118 17 337 26 Missed 497 | . 18 47 3 23 18 17 53 11 47 9 48 24 39 7 113 20 Hits 1170 | . 62 119 12 100 59 20 138 18 81 15 173 54 79 10 224 6 Melee 10 | . . . . . 6 . . . . . 4 . . . . . Projectile 1160 | . 62 119 12 100 53 20 138 18 81 15 169 54 79 10 224 6 AOE 2 | . . . . 1 . 1 . . . . . . . . . . Critical Strikes 65 | . 3 7 1 3 4 . 1 . 4 . 11 3 2 2 23 1 Actively Blocked 1 | . . . . 1 . . . . . . . . . . . . Part Disruptions 2 | . . . . . . . . . . . . . . . 2 . Damage Taken 20629 | . 620 1414 183 1303 1132 529 1663 211 1583 354 3679 715 1599 246 5161 237 Core 3246 | . 115 185 17 79 199 11 169 71 118 70 613 17 233 48 1270 31 Absorbed by Shields . | . . . . . . . . . . . . . . . . . Redirected to Shielding 145 | . . . 39 61 45 . . . . . . . . . . . Ignored by Resistances 155 | . . . . . . . . . . . . 155 . . . . Regen/Repaired (Parts) 3000 | . 86 90 . . . . . . 53 488 710 341 784 . 448 . Core Remaining (%) 59 | 100 54 53 . . 46 . . 64 88 . . . . 14 . . Volleys Fired 648 | 5 51 93 21 74 35 14 50 17 32 8 105 25 35 9 71 3 Largest 3 | 2 2 2 2 2 2 2 2 1 2 2 3 2 2 3 3 1 Hottest 211 | 70 70 70 175 150 150 180 90 90 169 154 190 171 171 211 211 55 Shots Fired 1105 | 10 97 182 42 147 66 28 61 17 53 16 163 28 62 23 108 2 Gun 458 | 10 97 130 . . 10 10 . . 6 1 88 14 25 16 51 . Cannon 564 | . . 52 41 136 38 15 54 13 30 15 67 6 31 7 57 2 Launcher 70 | . . . . 11 18 3 7 4 17 . 3 7 . . . . Special 13 | . . . 1 . . . . . . . 5 1 6 . . . Kinetic 352 | 5 51 145 . . 10 10 . . 6 . 34 14 11 . 64 2 Thermal 581 | 5 46 18 42 136 28 15 54 13 30 16 88 6 45 16 23 . Explosive 63 | . . . . 11 18 3 7 4 17 . 3 . . . . . Electromagnetic 97 | . . 19 . . 10 . . . . . 33 7 . 7 21 . Robot Hit Streak 23 | 2 6 19 9 23 9 12 9 6 10 14 19 12 11 11 19 3 Robot Miss Streak 8 | 2 3 5 6 5 3 1 2 2 2 1 3 3 3 2 8 1 Penetration Max 1 | . . . . . . . . . . . 1 . 1 . . . Secondary Targets 2 | . . 1 . . . . . . . . 1 . . . . . Max Gunslinging Chain 1 | . . 1 . . . . . . . . 1 . . . . . Shots Hit Robots 789 | 5 63 123 23 73 40 19 63 31 49 28 119 15 40 18 79 1 Core Hits 500 | 4 30 50 12 49 62 16 45 25 57 10 51 25 17 11 36 . Critical Kills 6 | . . 1 . 2 . . . . . . 2 . . . 1 . Critical Parts Destroyed 1 | . . 1 . . . . . . . . . . . . . . Critical Strikes 25 | . 3 8 . 2 . . 1 . 1 . 7 . . . 3 . Burn 9 | . 3 2 . . . . . . . . 4 . . . . . Meltdown 5 | . . . . 2 . . . . . . 2 . . . 1 . Destroy 2 | . . 2 . . . . . . . . . . . . . . Blast 5 | . . 3 . . . . . . . . . . . . 2 . Corrupt 1 | . . 1 . . . . . . . . . . . . . . Sever 3 | . . . . . . . 1 . 1 . 1 . . . . . Melee Attacks 118 | . . . . . . 1 30 20 16 14 21 . 3 1 12 . Impact 7 | . . . . . . . . . . . . . 3 1 3 . Slashing 102 | . . . . . . 1 30 20 16 14 21 . . . . . Piercing 2 | . . . . . . . . . . . . . . . 2 . Sneak Attacks 36 | . . . . . . . 6 18 3 7 1 . . . 1 . Combat Hostiles . | . . . . . . . . . . . . . . . . . Follow-up Attacks . | . . . . . . . . . . . . . . . . . Damage Inflicted 30114 | 81 837 2064 636 2766 2305 721 3997 2022 3819 1284 3236 1337 1301 530 3126 52 Guns 6388 | 81 803 1304 . . 204 121 . . 118 27 1596 167 420 286 1261 . Cannons 11439 | . . 733 625 1800 721 380 1575 378 914 370 1074 128 725 187 1777 52 Explosions 7746 | . . . . 966 1339 220 1330 196 2254 . 257 1042 85 57 . . Melee 4310 | . . . . . . . 1057 1448 533 887 309 . 71 . 5 . Ramming 231 | . 34 27 11 . 41 . 35 . . . . . . . 83 . Kinetic 5528 | 57 441 1622 . . 204 121 . . 118 . 492 167 126 . 2128 52 Thermal 11645 | 24 362 191 625 1800 489 380 1575 378 914 397 1716 584 1104 462 644 . Explosive 6562 | . . . . 966 1339 220 1330 196 2254 . 257 . . . . . Electromagnetic 1838 | . . 224 . . 232 . . . . . 462 586 . 68 266 . Impact 71 | . . . . . . . . . . . . . 71 . . . Slashing 4234 | . . . . . . . 1057 1448 533 887 309 . . . . . Piercing 5 | . . . . . . . . . . . . . . . 5 . Highest Corruption 34 | . 1 1 . 1 1 2 4 5 8 . 10 10 10 10 34 34 Average Corruption 5 | . 1 1 . 1 1 2 2 4 7 . 5 10 10 10 19 34 Corruption Purged . | . . . . . . . . . . . . . . . . . Corruption Blocked . | . . . . . . . . . . . . . . . . . Effects 213 | . 4 13 . 7 8 . 10 33 5 . 18 20 28 12 44 11 Message Errors 48 | . 1 1 . 1 1 . 2 13 1 . 6 4 2 5 6 5 Matter Fused 53 | . 1 3 . 1 3 . 4 10 2 . 4 5 4 2 13 1 Heat Flow Errors 22 | . . 3 . 2 2 . . 2 2 . 2 4 3 1 1 . Energy Discharges 23 | . 2 2 . 1 . . 1 4 . . . 1 7 2 3 . Parts Rejected 9 | . . . . . . . 1 . . . 1 . 2 . 4 1 Parts Fused 3 | . . . . . . . 1 . . . 1 1 . . . . Data Loss (minor) 19 | . . 1 . 1 2 . 1 4 . . 2 1 5 . 1 1 Data Loss (major) 11 | . . . . . . . . . . . 1 2 2 . 6 . Misfires 4 | . . 2 . 1 . . . . . . . . . 1 . . Alerts 3 | . . 1 . . . . . . . . . . . . 1 1 Misdirections 9 | . . . . . . . . . . . . 2 1 . 5 1 Weapon Failures 9 | . . . . . . . . . . . 1 . 2 1 4 1 Overload Shots 52 | . . . . . . 6 22 7 16 1 . . . . . . Effects 4 | . . . . . . . . . 3 1 . . . . . . Energy Bleed 2 | . . . . . . . . . 1 1 . . . . . . Heat Surge 2 | . . . . . . . . . 2 . . . . . . . Overflow Damage 1104 | . . 16 20 98 7 16 230 195 149 100 21 60 71 . 119 2 Projectiles 417 | . . 16 20 58 5 10 99 . 17 . . . 71 . 119 2 Explosions 198 | . . . . 40 2 6 21 . 55 . 14 60 . . . . Melee 489 | . . . . . . . 110 195 77 100 7 . . . . . Knockbacks 19 | . 1 7 . . . . . . . . . . 2 . 8 1 Impact 3 | . 1 . . . . . . . . . . . 2 . . . Kinetic 15 | . . 6 . . . . . . . . . . . . 8 1 Secondary 1 | . . 1 . . . . . . . . . . . . . . Self-Inflicted Damage 915 | . . . . 103 169 209 . . 113 . 56 67 66 35 4 93 Shots 24 | . . . . 4 5 4 . . 5 . 1 2 1 1 . 1 Rammed 30 | 1 6 6 3 1 7 . 3 . . . . . . . 3 . Targets Rammed 41 | 1 6 6 3 1 8 . 5 . . . . . . . 11 . Kicked 8 | . . . . . . . . . . . . . . . 8 . Crushed 3 | . . . . . 1 . 2 . . . . . . . . . Highest Temperature 633 | 36 211 156 48 351 116 228 123 139 524 . 633 275 417 498 366 . Average Temperature 91 | 16 49 35 13 67 28 67 34 42 153 . 182 94 143 175 75 . Received Heat Transfer 3753 | . 243 555 117 450 378 42 537 66 234 90 399 155 277 54 156 . Effects 37 | . 1 . . 2 . . . . 4 . 14 4 7 4 1 . Shutdowns 8 | . . . . 1 . . . . 1 . 5 . 1 . . . Energy Bleed 7 | . . . . 1 . . . . 3 . 1 . 1 . 1 . Interference 12 | . 1 . . . . . . . . . 3 4 2 2 . . Matter Decay 6 | . . . . . . . . . . . 3 . 2 1 . . Damage (minor) 2 | . . . . . . . . . . . . . 1 1 . . Damage (major) 1 | . . . . . . . . . . . 1 . . . . . Damage (core) 1 | . . . . . . . . . . . 1 . . . . . Siege Activations . | . . . . . . . . . . . . . . . . . Martial Activations . | . . . . . . . . . . . . . . . . . Shielding Activations . | . . . . . . . . . . . . . . . . . Robots Disrupted 2 | . . . . . . . . . . . . . . . 2 . Combat Hostiles 2 | . . . . . . . . . . . . . . . 2 . Robots Corrupted 3 | . . . . . . . . . . . 2 1 . . . . Combat Hostiles 3 | . . . . . . . . . . . 2 1 . . . . Parts Fried 7 | . . 1 . . . . . . . . 2 3 . . 1 . Impact Corruptions . | . . . . . . . . . . . . . . . . . Robots Melted 6 | . . . . 2 . . . . . . 3 . . . 1 . Combat Hostiles 6 | . . . . 2 . . . . . . 3 . . . 1 . Parts Melted 37 | . 1 2 1 7 . . 6 1 1 2 12 . . 1 3 . Heat Transferred 13842 | 74 1295 703 925 2664 703 409 1712 398 981 531 2775 400 50 . 222 . Parts Sabotaged . | . . . . . . . . . . . . . . . . . Parts Stolen . | . . . . . . . . . . . . . . . . . Parts Stripped . | . . . . . . . . . . . . . . . . . Power Chain Reactions 6 | . . . . . . . . . . . . 3 1 2 . . Alert | -11 -10 -9 -8 -8 -8 -7 -7 -7 -5 -4 -4 -4 -4 -4 -3 -3 ------- Run | Yrd Mat Mat Mat Gar Mat Fac Sto Rec Fac Fac Gar Fac Upp Upp Res Tes Maximum Alert Level 4 | . . 1 . 4 3 2 2 1 3 2 3 2 . . . . Low Security (%) 45 | 100 100 52 100 9 . 22 21 85 33 . . . . . 100 100 Level 1 19 | . . 47 . 7 . 75 16 14 43 95 16 4 . . . . Level 2 20 | . . . . 27 72 2 61 . 12 4 27 95 . . . . Level 3 9 | . . . . 17 27 . . . 10 . 55 . . . . . Level 4 4 | . . . . 38 . . . . . . . . . . . . Level 5 . | . . . . . . . . . . . . . . . . . High Security . | . . . . . . . . . . . . . . . . . Max Security . | . . . . . . . . . . . . . . . . . Peak Influence 1341 | 15 107 362 131 1341 823 400 567 230 827 406 1056 575 . . 151 . Initial 653 | . . 3 128 7 653 312 163 190 200 401 202 554 . . 151 . Average 341 | 1 16 184 84 839 676 276 393 92 316 337 671 481 . . 38 . Influence Increases 8310 | 15 328 864 153 1404 724 328 787 208 1171 102 954 301 375 60 511 25 Destroy 0b10 Robot/C 4420 | . 220 540 40 800 400 160 480 80 560 40 440 80 220 60 300 . Destroy 0b10 Robot/NC 455 | 15 40 30 45 5 60 5 50 80 25 30 5 40 . . 25 . Destroy Leader 780 | . 50 156 34 60 106 52 104 . 82 20 40 16 30 . 30 . Allied During Kill 36 | . . . . 31 . . . . . . . . 5 . . . Successful Hack 234 | . 18 29 17 14 19 . 63 28 24 12 10 . . . . . Disable Machine 375 | . . 15 . 15 30 75 45 . 30 . 45 90 . . 15 15 Anti-Garrison Action 550 | . . . . 350 . . . . . . 200 . . . . . Destroy Structure 720 | . . 4 17 114 94 36 45 20 160 . 124 60 . . 36 10 Advance Influence 200 | . . . . . . . . . 200 . . . . . . . Partial Spotted 15 | . . . . . . . . . . . . 15 . . . . Lose Combat Pursuer 525 | . . 90 . 15 15 . . . 90 . 90 . 120 . 105 . Influence Decreases 8295 | 15 320 568 446 74 1376 657 659 696 352 632 187 804 563 200 736 10 Entered New Map 3101 | . . 5 176 4 688 377 197 298 . 418 87 502 205 70 74 . Time Decay 4278 | 15 300 543 270 . 478 270 362 398 302 214 . 262 318 130 416 . Lost Part 686 | . 20 20 . 30 60 10 100 . 50 . 100 20 20 . 246 10 Lost Ally 80 | . . . . 40 . . . . . . . 20 20 . . . Purge Threat 150 | . . . . . 150 . . . . . . . . . . . Squads Dispatched 34 | . 1 7 4 . 1 1 6 . 4 . . 5 . . 5 . Investigation 11 | . . 6 3 . . . . . 2 . . . . . . . Extermination 6 | . . . . . . . 2 . 1 . . 1 . . 2 . Reinforcement 14 | . 1 1 1 . . 1 3 . 1 . . 3 . . 3 . Assault 2 | . . . . . 1 . . . . . . 1 . . . . Garrison 1 | . . . . . . . 1 . . . . . . . . . Intercept . | . . . . . . . . . . . . . . . . . Searches Triggered . | . . . . . . . . . . . . . . . . . Construction Impeded 2 | . . . . . . . . . . . . 1 . . 1 . Haulers Reinforced 4 | . . . . . . 1 2 . . . . 1 . . . . Active Scanning Responses . | . . . . . . . . . . . . . . . . . Cargo Convoy Interrupts . | . . . . . . . . . . . . . . . . . Stealth | -11 -10 -9 -8 -8 -8 -7 -7 -7 -5 -4 -4 -4 -4 -4 -3 -3 --------- Run | Yrd Mat Mat Mat Gar Mat Fac Sto Rec Fac Fac Gar Fac Upp Upp Res Tes Distress Signals 20 | . 1 4 2 . 1 2 3 . 4 . 1 . . . 2 . Communications Jammed . | . . . . . . . . . . . . . . . . . Distress Signals . | . . . . . . . . . . . . . . . . . Times Spotted 327 | . 19 41 16 36 27 12 32 3 44 3 27 10 18 3 35 1 Peak Tracking Total 10 | . 8 6 9 5 6 5 10 2 9 1 6 6 5 3 9 1 Tactical Retreats 19 | . . 4 . 1 1 . . . 3 . 2 . 4 . 4 . Traps | -11 -10 -9 -8 -8 -8 -7 -7 -7 -5 -4 -4 -4 -4 -4 -3 -3 ------- Run | Yrd Mat Mat Mat Gar Mat Fac Sto Rec Fac Fac Gar Fac Upp Upp Res Tes Traps Triggered 14 | . 1 1 2 2 . . . . 1 . 5 1 . . 1 . Indirectly 1 | . . . . . . . . . . . . 1 . . . . Trap Hack Attempts . | . . . . . . . . . . . . . . . . . Triggered . | . . . . . . . . . . . . . . . . . Disarmed . | . . . . . . . . . . . . . . . . . Reprogrammed . | . . . . . . . . . . . . . . . . . Reused . | . . . . . . . . . . . . . . . . . Traps Extracted . | . . . . . . . . . . . . . . . . . Installed . | . . . . . . . . . . . . . . . . . Triggered . | . . . . . . . . . . . . . . . . . Machines | -11 -10 -9 -8 -8 -8 -7 -7 -7 -5 -4 -4 -4 -4 -4 -3 -3 ---------- Run | Yrd Mat Mat Mat Gar Mat Fac Sto Rec Fac Fac Gar Fac Upp Upp Res Tes Machines Disabled 34 | . . 1 . 6 2 5 3 . 2 . 7 6 . . 1 1 Max in Single Turn 3 | . . 1 . 1 1 2 1 . 1 . 2 3 . . 1 1 Garrison Access 3 | . . . . . . 1 1 . . . . . . . 1 . Garrison Relay 8 | . . . . 4 . . . . . . 4 . . . . . Machines Repaired . | . . . . . . . . . . . . . . . . . Machines Dismantled . | . . . . . . . . . . . . . . . . . Machines Sabotaged . | . . . . . . . . . . . . . . . . . Overloaded Fab Kills . | . . . . . . . . . . . . . . . . . Hacking | -11 -10 -9 -8 -8 -8 -7 -7 -7 -5 -4 -4 -4 -4 -4 -3 -3 --------- Run | Yrd Mat Mat Mat Gar Mat Fac Sto Rec Fac Fac Gar Fac Upp Upp Res Tes Machines Accessed 74 | . 8 12 4 3 6 7 7 10 3 4 1 2 1 1 5 . Terminals 43 | . 6 7 3 3 3 1 6 6 1 2 1 1 1 . 2 . Fabricators 4 | . . . . . . 3 . . 1 . . . . . . . Repair Stations 4 | . 1 2 . . . . . . . 1 . . . . . . Recycling Units 10 | . 1 1 . . 1 1 . 3 1 . . 1 . . 1 . Scanalyzers 6 | . . 2 . . 2 1 . . . . . . . . 1 . Garrison Access 5 | . . . 1 . . 1 1 . . 1 . . . . 1 . Total Hacks 159 | . 16 33 7 4 15 11 13 24 8 10 1 5 1 1 10 . Successful 69 | . 12 11 3 2 5 6 8 7 2 4 1 . 1 1 6 . Failed 88 | . 3 22 4 2 9 5 5 17 6 6 . 5 . . 4 . Catastrophic 26 | . . 10 1 1 3 1 . 2 3 2 . 1 . . 2 . Database Lockouts 2 | . 1 . . . 1 . . . . . . . . . . . Manual 34 | . 3 15 3 . 3 1 4 . . . . 2 . . 3 . Terminals 94 | . 13 18 4 4 7 1 12 17 3 7 1 2 1 . 4 . Fabricators 8 | . . . . . . 6 . . 2 . . . . . . . Repair Stations 9 | . 2 5 . . . . . . . 2 . . . . . . Recycling Units 19 | . 1 2 . . 3 1 . 5 3 . . 3 . . 1 . Scanalyzers 19 | . . 8 . . 5 2 . . . . . . . . 4 . Garrison Access 7 | . . . 3 . . 1 1 . . 1 . . . . 1 . Terminal Hacks 33 | . 9 2 2 2 2 1 7 4 . 1 1 . 1 1 . . Record 1 | . . . . . . . . . . . . . 1 . . . Part Schematic 2 | . . . . . . . 2 . . . . . . . . . Robot Analysis 2 | . . . . . . . . 1 . 1 . . . . . . Prototype ID Bank 5 | . 3 . . . . . 1 1 . . . . . . . . Open Door 4 | . . . . 1 . . 2 . . . . . . 1 . . Level Access Points 1 | . . . 1 . . . . . . . . . . . . . Branch Access Points 6 | . 1 1 1 . 1 1 1 . . . . . . . . . Emergency Access Points 2 | . . . . 1 . . . . . . 1 . . . . . Alert Level 3 | . 3 . . . . . . . . . . . . . . . Unreport Threat 1 | . . . . . 1 . . . . . . . . . . . Locate Traps 1 | . 1 . . . . . . . . . . . . . . . Patrol Status 1 | . 1 . . . . . . . . . . . . . . . Registered Components 1 | . . . . . . . 1 . . . . . . . . . Zone Layout 1 | . . 1 . . . . . . . . . . . . . . Release Object 2 | . . . . . . . . 2 . . . . . . . . Fabricator Hacks 5 | . . . . . . 4 . . 1 . . . . . . . Network Status 3 | . . . . . . 3 . . . . . . . . . . Build 2 | . . . . . . 1 . . 1 . . . . . . . Repair Station Hacks 7 | . 2 3 . . . . . . . 2 . . . . . . Scan Component 4 | . 1 2 . . . . . . . 1 . . . . . . Repair 3 | . 1 1 . . . . . . . 1 . . . . . . Recycling Unit Hacks 7 | . 1 . . . 1 . . 3 1 . . . . . 1 . Retrieve Components 7 | . 1 . . . 1 . . 3 1 . . . . . 1 . Scanalyzer 12 | . . 6 . . 2 . . . . . . . . . 4 . Insert Component 3 | . . . . . 1 . . . . . . . . . 2 . Analyze 1 | . . . . . . . . . . . . . . . 1 . Retrieve Study 8 | . . 6 . . 1 . . . . . . . . . 1 . Garrison Access Hacks 5 | . . . 1 . . 1 1 . . 1 . . . . 1 . Unlock Access 2 | . . . 1 . . . . . . 1 . . . . . . Seal Access 3 | . . . . . . 1 1 . . . . . . . 1 . Unauthorized Hacks . | . . . . . . . . . . . . . . . . . Terminals . | . . . . . . . . . . . . . . . . . Fabricators . | . . . . . . . . . . . . . . . . . Repair Stations . | . . . . . . . . . . . . . . . . . Recycling Units . | . . . . . . . . . . . . . . . . . Scanalyzers . | . . . . . . . . . . . . . . . . . Garrison Access . | . . . . . . . . . . . . . . . . . Data Cores Recovered 1 | . . . . . . . . . . 1 . . . . . . Used . | . . . . . . . . . . . . . . . . . Hacking Detections 49 | . 3 12 3 2 5 2 5 7 3 2 1 2 . . 2 . Full Trace Events 17 | . . 8 2 1 . . . 4 2 . . . . . . . Feedback Events 2 | . . . . 1 . . . 1 . . . . . . . . Corruption 2 | . . . . 1 . . . 1 . . . . . . . . Feedback Blocked . | . . . . . . . . . . . . . . . . . Robot Schematics Acquired . | . . . . . . . . . . . . . . . . . Robots Built . | . . . . . . . . . . . . . . . . . Authchips . | . . . . . . . . . . . . . . . . . Time 81 | . . . . . . 81 . . . . . . . . . . Total Robot Build Rating . | . . . . . . . . . . . . . . . . . Part Schematics Acquired 3 | . . . . . . . 2 . . . . . . . 1 . Parts Built 2 | . . . . . . . . . 2 . . . . . . . Authchips . | . . . . . . . . . . . . . . . . . Time 46 | . . . . . . . . . 46 . . . . . . . Total Part Build Rating 18 | . . . . . . . . . 18 . . . . . . . Part Studies Acquired 8 | . . 6 . . 1 . . . . . . . . . 1 . Parts Repaired 3 | . 1 1 . . . . . . . 1 . . . . . . Time 132 | . 26 36 . . . . . . . 70 . . . . . . Parts Recycled . | . . . . . . . . . . . . . . . . . Recycled Matter . | . . . . . . . . . . . . . . . . . Retrieved Matter . | . . . . . . . . . . . . . . . . . Retrieved Components 45 | . 10 . . . 9 . . 14 3 . . . . . 9 . Parts Scanalyzed 2 | . . . . . 1 . . . . . . . . . 1 . Part Schematics Acquired 1 | . . . . . . . . . . . . . . . 1 . Parts Damaged . | . . . . . . . . . . . . . . . . . Bothacking | -11 -10 -9 -8 -8 -8 -7 -7 -7 -5 -4 -4 -4 -4 -4 -3 -3 ------------ Run | Yrd Mat Mat Mat Gar Mat Fac Sto Rec Fac Fac Gar Fac Upp Upp Res Tes Used RIF Installer 2 | . . . . 1 . . . . . . 1 . . . . . Zone Cloak 1 | . . . . . . . . . . . 1 . . . . . Robots Hacked 8 | . . . . . . . . . . . 2 1 3 . 2 . Non-combat . | . . . . . . . . . . . . . . . . . Combat 8 | . . . . . . . . . . . 2 1 3 . 2 . Robot Hacks Applied 8 | . . . . . . . . . . . 2 1 3 . 2 . parse_system 1 | . . . . . . . . . . . 1 . . . . . tweak_propulsion 1 | . . . . . . . . . . . . . . . 1 . scatter_targeting 1 | . . . . . . . . . . . . . 1 . . . spike_heat 1 | . . . . . . . . . . . 1 . . . . . amplify_resonance 1 | . . . . . . . . . . . . . 1 . . . formatsys_high 3 | . . . . . . . . . . . . 1 1 . 1 . Relay Couplers Released 35 | . . . . 15 . 4 . . . . 16 . . . . . Machine Destruction 31 | . . . . 15 . . . . . . 16 . . . . . Programmers 4 | . . . . . . 4 . . . . . . . . . . Attached 9 | . . . . . . . . . . . 3 . 1 . 5 . Fabnet Peak Effective % . | . . . . . . . . . . . . . . . . . Robots Rewired 1 | . . . . . . . . . . . . . . . 1 . Allies Hacked . | . . . . . . . . . . . . . . . . . Hacks Repelled . | . . . . . . . . . . . . . . . . . Allies | -11 -10 -9 -8 -8 -8 -7 -7 -7 -5 -4 -4 -4 -4 -4 -3 -3 -------- Run | Yrd Mat Mat Mat Gar Mat Fac Sto Rec Fac Fac Gar Fac Upp Upp Res Tes Total Allies 6 | . . . . 2 . . . . . . . 1 1 . 2 . Largest Group 2 | . . . . 2 . . . . . . . 1 1 . 1 . Highest-Rated Group 64 | . . . . 62 . . . . . . . 49 56 . 64 . Highest-Rated Ally 64 | . . . . 31 . . . . . . . 49 56 . 64 . Total Orders 1 | . . . . . . . . . . . . . . . 1 . EXPLORE 1 | . . . . . . . . . . . . . . . 1 . Ally Attacks 38 | . . . . 31 . . . . . . . 2 3 . 2 . Total Damage 756 | . . . . 485 . . . . . . . 94 87 . 90 . Kills 7 | . . . . 7 . . . . . . . . . . . . Allies Corrupted . | . . . . . . . . . . . . . . . . . Allies Melted . | . . . . . . . . . . . . . . . . . Intel | -11 -10 -9 -8 -8 -8 -7 -7 -7 -5 -4 -4 -4 -4 -4 -3 -3 ------- Run | Yrd Mat Mat Mat Gar Mat Fac Sto Rec Fac Fac Gar Fac Upp Upp Res Tes Active Infowar (turns) 14671 | 69 1305 1990 585 1792 1224 580 831 1245 669 458 1096 487 616 275 1252 197 Optics 11086 | . . . 364 1792 1224 580 831 1245 669 458 1096 487 616 275 1252 197 Structural 3350 | . 1139 1990 221 . . . . . . . . . . . . . Seismic 235 | 69 166 . . . . . . . . . . . . . . . Robot Analysis Total 2 | . . . . . . . . 1 . 1 . . . . . . Derelict Logs Recovered 1 | . . . . . . . . . . . . . 1 . . . Drone Launches 1 | . . . . . . . . . . . . . . . 1 . Drone Recoveries 1 | . . . . . . . . . . . . . . . 1 . Exploration | -11 -10 -9 -8 -8 -8 -7 -7 -7 -5 -4 -4 -4 -4 -4 -3 -3 ------------- Run | Yrd Mat Mat Mat Gar Mat Fac Sto Rec Fac Fac Gar Fac Upp Upp Res Tes Turns Passed 15095 | 131 1475 1990 585 1792 1224 580 831 1245 669 458 1126 560 705 275 1252 197 Spaces Moved 8773 | 67 717 920 301 956 665 330 341 648 460 311 639 493 671 151 893 210 Core 108 | 3 . . . . . . . . . . . . . . 7 98 Treads 5405 | 64 717 920 301 956 665 330 341 648 57 . . 47 66 151 142 . Legs 1071 | . . . . . . . . . 331 . . 348 169 . 111 112 Wheels 54 | . . . . . . . . . . 54 . . . . . . Hover 1137 | . . . . . . . . . 72 257 450 38 . . 320 . Flight 998 | . . . . . . . . . . . 189 60 436 . 313 . Fastest Speed 35 | 50 160 160 160 160 150 150 150 102 102 67 67 57 57 143 35 50 Average Speed 130 | 155 160 171 161 160 157 152 152 129 113 86 102 100 70 143 99 87 Slowest Speed 520 | 160 160 240 200 160 212 156 156 172 154 154 169 129 143 143 520 120 Overloaded Moves . | . . . . . . . . . . . . . . . . . Propulsion Burnouts . | . . . . . . . . . . . . . . . . . Robots Hopped 6 | . . . . . . . . . . . . . . . 6 . Potential Cave-ins . | . . . . . . . . . . . . . . . . . Cave-ins Triggered . | . . . . . . . . . . . . . . . . . Exploration Rate (%) 45 | 4 92 75 32 94 54 13 55 94 14 7 65 16 81 21 28 29 Regions Visited 16 Branch Regions 5 Pre-discovered Areas 1 | . . . . . . . . . . . . . 1 . . . Known Exits Taken 5 | . . . 1 . 1 1 1 . . 1 . . . . . . Unknown Exits Taken 9 | 1 1 1 . . . . . 1 1 . . 1 1 1 1 . Scrap Searched 7 | . . . . . . . . . . . . . 5 2 . . Spaces Dug 9 | . . . 2 . . 1 1 . 3 . . . . . 2 . Terrain Destroyed 582 | . . . 16 65 124 37 67 60 94 . 32 29 29 9 15 5 Melee 6 | . . . . . . 1 . . 3 . . . . . 2 . Projectile 87 | . . . 16 . 8 1 11 4 6 . 3 2 19 4 13 . AOE 488 | . . . . 65 116 35 56 56 85 . 29 26 10 5 . 5 Terrain Rammed . | . . . . . . . . . . . . . . . . . Walls Destroyed . | . . . . . . . . . . . . . . . . . Machines Disabled . | . . . . . . . . . . . . . . . . . Actions | -11 -10 -9 -8 -8 -8 -7 -7 -7 -5 -4 -4 -4 -4 -4 -3 -3 --------- Run | Yrd Mat Mat Mat Gar Mat Fac Sto Rec Fac Fac Gar Fac Upp Upp Res Tes Total 11160 | 80 941 1161 355 1075 770 383 532 1017 531 467 928 534 839 188 1139 220 Wait 1067 | . 145 68 10 21 20 5 42 297 10 120 95 2 116 19 95 2 Move 8745 | 66 716 919 301 954 664 329 340 647 459 310 637 492 670 150 881 210 Hop 6 | . . . . . . . . . . . . . . . 6 . Pick Up 103 | 1 8 23 1 3 10 9 8 6 3 5 9 3 3 3 8 . Fast Attach 77 | 7 2 3 1 3 3 2 12 1 3 1 4 2 4 . 24 5 Attach 38 | . 1 3 1 . 5 3 3 . 4 . 4 . 4 . 10 . Detach 19 | . . 1 . . . . . 4 2 1 2 3 . . 6 . Swap 114 | . 8 18 11 9 13 10 28 7 . 1 1 2 . 6 . . Drop 132 | . 4 27 6 10 12 10 14 18 2 7 6 5 3 . 8 . Fire 648 | 5 51 93 21 74 35 14 50 17 32 8 105 25 35 9 71 3 Melee 118 | . . . . . . 1 30 20 16 14 21 . 3 1 12 . Ram 2 | . . . . . . . . . . . . . . . 2 . Kick 8 | . . . . . . . . . . . . . . . 8 . Crush 30 | 1 6 6 3 1 8 . 5 . . . . . . . . . Escape Stasis 43 | . . . . . . . . . . . 43 . . . . . Rewire 10 | . . . . . . . . . . . 1 . 1 . 8 . Trap . | . . . . . . . . . . . . . . . . . Miscellaneous . | . . . . . . . . . . . . . . . . . Route ------- -11/Scrapyard -10/Materials (discovered 4 exits: *Mat x3 / *Min) -9/Materials (discovered 4 exits: *Mat x2 / *Min x2) -8/Materials (discovered 4 exits: *Fac x3 / Gar) -8/Garrison (discovered 2 exits: *Mat x2) -8/Materials -7/Factory (discovered 3 exits: *Sto / Low x2) -7/Storage -7/Recycling -5/Factory -4/Factory (discovered 2 exits: *Res / Gar) -4/Garrison -4/Factory -4/Upper Caves -4/Upper Caves -3/Research -3/Testing History --------- Turn | Location | Event 25 | -11/Scrapyard | Discovered new exit (range 16) 132 | -11/Scrapyard | Entered Materials 147 | -10/Materials | Identified exit to Mines 278 | -10/Materials | Discovered new exit (range 15) 303 | -10/Materials | Build established: Mutant 425 | -10/Materials | Repaired Assault Rifle 635 | -10/Materials | Central database locked down 895 | -10/Materials | Discovered new exit (range 10) 1471 | -10/Materials | Discovered new exit (range 3) 1607 | -10/Materials | Entered another Materials area 1607 | -9/Materials | Evolved 2 slots: Utility x2 2054 | -9/Materials | Discovered new exit (range 11) 2594 | -9/Materials | Discovered new exit (range 16) 2663 | -9/Materials | Build established: Scavenger-Mutant 2909 | -9/Materials | Identified exit to Mines 3111 | -9/Materials | Repaired Broken Lgt. Treads+ 3306 | -9/Materials | Build established: Mutant 3521 | -9/Materials | Discovered new exit (range 16) 3597 | -9/Materials | Entered another Materials area 3597 | -8/Materials | Evolved 2 slots: Propulsion x1, Utility x1 3826 | -8/Materials | Identified exit to Factory 4182 | -8/Materials | Identified exit to Garrison 4182 | -8/Materials | Entered Garrison 4192 | -8/Garrison | Rescued a captive Derelict 4193 | -8/Garrison | Rescued a captive Derelict 4336 | -8/Garrison | Triggered checkpoint 4355 | -8/Garrison | Installed Relay Interface Framework 4379 | -8/Garrison | Garrison Relay disabled 4589 | -8/Garrison | Triggered checkpoint 4684 | -8/Garrison | Discovered new exit (range 12) 4722 | -8/Garrison | Triggered checkpoint 4767 | -8/Garrison | Garrison Relay disabled 4959 | -8/Garrison | Discovered new exit (range 9) 5091 | -8/Garrison | Garrison Relay disabled 5174 | -8/Garrison | Triggered checkpoint 5174 | -8/Garrison | Triggered checkpoint 5250 | -8/Garrison | Triggered checkpoint 5362 | -8/Garrison | Triggered checkpoint 5384 | -8/Garrison | Garrison Relay disabled 5974 | -8/Garrison | Entered Materials 6328 | -8/Materials | Destroyed 7 combat bots 6374 | -8/Materials | First assault squad dispatched 6645 | -8/Materials | Lost 4 parts (1p1n1u1w) 6806 | -8/Materials | Central database locked down 7013 | -8/Materials | Core integrity fell below 50% 7171 | -8/Materials | Discovered exit to Factory (range 4) 7198 | -8/Materials | Entered Factory 7198 | -7/Factory | Evolved 2 slots: Propulsion x1, Utility x1 7432 | -7/Factory | Identified exit to Storage 7432 | -7/Factory | Identified exit to Lower Caves 7778 | -7/Factory | Entered Storage 7787 | -7/Storage | Found Prototype Launcher 7787 | -7/Storage | Identified Gui. EMP Blaster 7835 | -7/Storage | Garrison activated, responded to threat 7936 | -7/Storage | Lost 5 parts (1p2n2u) 8136 | -7/Storage | Destroyed 11 combat bots 8144 | -7/Storage | Lost 3 parts (1p2n) 8231 | -7/Storage | Identified exit to Recycling 8242 | -7/Storage | Build established: Scavenger-Mutant 8604 | -7/Storage | Used back door to open Recycling access 8609 | -7/Storage | Entered Recycling 9137 | -7/Recycling | Discovered new exit (range 17) 9277 | -7/Recycling | Scanned before Scraplab entrance 9286 | -7/Recycling | Angered Scraplab inhabitants 9402 | -7/Recycling | Found Prototype Device 9402 | -7/Recycling | Identified Scrap Engine 9704 | -7/Recycling | Build established: Mutant 9854 | -7/Recycling | Entered Factory 9854 | -5/Factory | Evolved 4 slots: Propulsion x1, Utility x1, Weapon x2 10342 | -5/Factory | Fabricated Lgt. Quantum Reactor? 10405 | -5/Factory | Destroyed 10 combat bots 10410 | -5/Factory | Lost 4 parts (2n1u1w) 10427 | -5/Factory | Discovered new exit (range 20) 10483 | -5/Factory | Destroyed 9 combat bots 10523 | -5/Factory | Entered another Factory area 10523 | -4/Factory | Evolved 2 slots: Power x1, Utility x1 10590 | -4/Factory | Discovered new exit (range 20) 10835 | -4/Factory | Repaired Cld. Particle Cannon 10941 | -4/Factory | Build established: Hacker-Construct 10980 | -4/Factory | Identified exit to Garrison 10981 | -4/Factory | Entered Garrison 11025 | -4/Garrison | Garrison Relay disabled 11075 | -4/Garrison | Spotted B-86 Titan 11107 | -4/Garrison | Destroyed B-86 Titan 11139 | -4/Garrison | Triggered checkpoint 11139 | -4/Garrison | Triggered checkpoint 11541 | -4/Garrison | Garrison Relay disabled 11675 | -4/Garrison | Lost 3 parts (1p1u1w) 11724 | -4/Garrison | Found Relay Coupler [Proto] 11726 | -4/Garrison | Found Relay Coupler [Proto] 11728 | -4/Garrison | Found Relay Coupler [Proto] 11733 | -4/Garrison | Found Relay Coupler [Proto] 11847 | -4/Garrison | Triggered checkpoint 11863 | -4/Garrison | Expanded RIF knowledge: Zone Cloak 11913 | -4/Garrison | Core integrity fell below 50% 11967 | -4/Garrison | Garrison Relay disabled 12005 | -4/Garrison | System corruption reached 10% 12061 | -4/Garrison | Discovered new exit (range 17) 12086 | -4/Garrison | Garrison Relay disabled 12107 | -4/Garrison | Entered Factory 12228 | -4/Factory | Build established: Bothacker-Mutant 12237 | -4/Factory | Found Hvy. Reflective Plating 12321 | -4/Factory | Found Prototype Processor 12321 | -4/Factory | Identified Exp. Melee Analysis Suite 12453 | -4/Factory | Spotted B-86 Titan 12607 | -4/Factory | First assault squad dispatched 12631 | -4/Factory | Discovered new exit (range 17) 12667 | -4/Factory | Entered Upper Caves 12790 | -4/Upper Caves | Spotted B-86 Titan 12866 | -4/Upper Caves | Attracted the attention of an 0b10 checkpoint 12887 | -4/Upper Caves | Learned location of Armory (-4) 13215 | -4/Upper Caves | Core integrity fell below 20% 13241 | -4/Upper Caves | Build established: Construct 13337 | -4/Upper Caves | Discovered new exit (range 13) 13372 | -4/Upper Caves | Entered another Upper Caves area 13438 | -4/Upper Caves | Attracted the attention of an 0b10 checkpoint 13641 | -4/Upper Caves | Discovered new exit (range 4) 13647 | -4/Upper Caves | Entered Research 13647 | -3/Research | Evolved 2 slots: Utility x2 13915 | -3/Research | Build established: Hacker-Tank 14105 | -3/Research | Lost 4 parts (1p1u2w) 14131 | -3/Research | System corruption reached 10% 14214 | -3/Research | Lost 7 parts (1p1n3u2w) 14426 | -3/Research | Lost 3 parts (2u1w) 14582 | -3/Research | Build established: Bothacker-Mutant 14681 | -3/Research | Spotted B-86 Titan 14723 | -3/Research | Lost 3 parts (1p1n1u) 14750 | -3/Research | Spotted B-86 Titan 14769 | -3/Research | Core integrity fell below 50% 14844 | -3/Research | Lost 7 parts (1p4n2w) 14849 | -3/Research | Core integrity fell below 20% 14857 | -3/Research | System corruption reached 30% 14888 | -3/Research | Discovered new exit (range 17) 14899 | -3/Research | Entered Testing 14929 | -3/Testing | Lost 3 parts (2n1u) 15096 | -3/Testing | Destroyed self via exploding Antiparticle Reservoir Last Messages --------------- rejected. 15079_ Acquired Hardcell Cannon. 15079_ K-01 Serf collects debris. 15079_ P-80 Master resets K-01 Serf, system corruption cleaned. 15083_ K-01 Serf cleans the Terminal. 15083_ K-01 Serf cleans the Vacuum Chamber. 15084_ Acquired Unknown Device. 15084_ Identified Imp. Focal Shield. 15085_ P-80 Master resets K-01 Serf, system corruption cleaned. 15087_ K-01 Serf cleans the Terminal. 15087_ K-01 Serf cleans the Vacuum Chamber. 15092_ Destroyed Adv. Heat Sink. 15092_ P-80 Master knocked back. 15094_ System corrupted: Hardcell Cannon jammed. 15096_ R-10 Processor collects Sml. Matter Pod. 15096_ Antiparticle Reservoir explodes. 15096_ Imp. Focal Shield destroyed. 15096_ Destroyed Imp. Focal Shield. Map ----- +----------------------------------------------------+ | ?????????????????????????????????????????????????? | | ?????????????????????????????????????????????????? | | ?????????????????????????????????????????????????? | | ?????????????????????????????????????????????????? | | ?????????????????????????????????????????????????? | | ?????????????????????????????????????????????????? | | ?????????????????????????? ??????????????????????? | | ?????????????????????????# ####??????????????????? | | ?????????????????????????# #??????????????????? | | ?????????????????????????+ #??????????????????? | | ?????????????????????????# ??????????????????? | | ?????????????????????????# #??????????????????? | | ?????????????????????????# #??????????????????? | | ?????????????????????????# #??????????????????? | | ?????????????????????????# #?####+######??#???? | | ?????????????????????????# ### ??? | | ?????????????????????????# T# ???? | | ?????????????????????????# "?# """ ???? | | ?????????????????????????# #?# """ ????? | | ?????????????????????????# #?# """ ?????? | | ?????????????????????????# #?# #????? | | ?????????????????????????# ### = """ #????? | | ?????????????????????????# """ #????? | | ?????????????????????????# k""" #????? | | ???????????????########### k #????? | | ???????????# @ #????? | | ???????????????######### # p ######+#+?????? | | ?????????????????????? # ##????????????? | | ????????????????????? ?# "#????????????? | | ????????????????????! ?# k"#????????????? | | ??????????????????!! ??# "#????????????? | | ????????????????? !! ??# T#????????????? | | ???????????????? !???# "#????????????? | | ??????????????# ???# R *"#????????????? | | ??????????????# ????# "" " k"#????????????? | | ??????????????#######????# ""T" =##????????????? | | ???????????????????####### """ k #?????????????? | | ??????????????? !% #?????????????? | | ??????????????? #?????????????? | | ??????????????????############### #?????????????? | | ??????????????????# ## #?????????????? | | ??????????????????# """ """ ## #?????????????? | | ??????????????????# "R """ ## #?????????????? | | ??????????????????# """ """ ## #?????????????? | | ??????????????????# "" ## #?????????????? | | ??????????????????# """ ## #?????????????? | | ??????????????????# """ ## #?????????????? | | ??????????????????# """ ## #??????????#??? | | ??????????????????# ## #????????? #??? | | ?????????########## [ ] ## #???????? #??? | +----------------------------------------------------+ Best States ------------- Heat Dissipation 84 Energy Generation 27 Energy Capacity 390 Matter Stores 300 Matter Capacity 300 Sight Range 20 Terrain Scan Density 10 Armor Coverage 600 Resistance: TH 25 Propulsion Shielding 66 Phase Shifting 10 Evasion (%) 70 Targeting Accuracy 8 Recoil Reduction 4 Offensive Hacking 20 Relay Coupler Types 6 Relay Coupler Value 132 Item Schematics ----------------- Imp. Plasma Cutter | -7/Storage | Hacked Imp. Medium Armor Plating | -7/Storage | Hacked Hvy. Siege Treads | -3/Research | Scanalyzed Robot Schematics ------------------ None Fabricated ------------ Lgt. Quantum Reactor | x2 | -5/Factory | Preloaded Repaired ---------- Assault Rifle | 14% | -10/Materials Lgt. Treads | 35% | -9/Materials | Broken Cld. Particle Cannon | 5% | -4/Factory Studied --------- Lgt. Treads | -9/Materials | Hacked Imp. Treads | -9/Materials | Hacked VTOL Module | -9/Materials | Hacked Imp. Ion Engine | -9/Materials | Hacked Lgt. Cannon | -9/Materials | Hacked Imp. Light Cannon | -9/Materials | Hacked Adv. Treads | -8/Materials | Hacked Hvy. Siege Treads | -3/Research | Hacked Alien Tech Used ----------------- None Achievements -------------- None Challenges ------------ None Game ------ Seed WaveCompactMachine Manual? 0 Play Time 01:51:19 Cumulative 230.7 hours Start 2026.09.09 @ 19:30:11 End 2026.09.09 @ 21:28:15 Sessions 1 Manual Loads 0 Difficulty Rogue Special Mode None Game No. 338 Rogue 338 Adventurer 0 Explorer 0 Win Type - Total 1 Types 1/0/0/0/0/0/0/0/0/0 Lore% 69 Gallery% 62 Achievement% 47 Wizard Run 0 Options --------- Layout 1 ASCII 0 Keyboard 1 Movement Arrows Keybinds 0 Fullscreen 1 Font 24/Smallcaps Map View 50x35 Zoom Use 0% Tactical HUD 1 Map Filters NONE Filters NONE Steam 1 RUN: afc5d44f-ae6b-4cdd-8e02-67cf2f7ed1fa